 Dungeon Crawl Stone Soup version 0.18.1-50-g88ac8fd (webtiles) character file.

572 theElss the Conjurer (level 7, 0/46 HPs)
             Began as a High Elf Conjurer on Sept 19, 2016.
             Slain by a troll (7 damage)
             ... on level 4 of the Dungeon.
             The game lasted 00:14:25 (4961 turns).

theElss the Conjurer (High Elf Conjurer)            Turns: 4961, Time: 00:14:25

Health: 0/46       AC:  2    Str:  7    XL:     7   Next: 12%
Magic:  10/14      EV: 13    Int: 21    God:
Gold:   212        SH:  0    Dex: 16    Spells: 4 memorised, 3 levels left

rFire  + . .     SeeInvis .     n - +0 mace
rCold  . . .     Gourm    .     a - +0 robe
rNeg   . . .     Faith    .     (no shield)
rPois  .         Spirit   .     (no helmet)
rElec  .         Dismiss  .     (no cloak)
rCorr  .         Reflect  .     (no gloves)
SustAt .         Harm     .     (no boots)
MR     .....                    (no amulet)
Stlth  ++........               q - ring of protection from fire
                                (no ring)

@: not resistant to hostile enchantments, unstealthy
A: no striking features
a: no special abilities


You were on level 4 of the Dungeon.
You were not hungry.

You visited 1 branch of the dungeon, and saw 5 of its levels.

You collected 212 gold pieces.

Inventory:

Hand Weapons
 n - a +0 mace (weapon)
Armour
 a - a +0 robe (worn)
Jewellery
 q - a ring of protection from fire (right hand)
Wands
 m - a wand of paralysis (17/24)
Scrolls
 d - 2 scrolls of enchant weapon
 g - a scroll of recharging {unknown}
 j - 2 scrolls of fog {unknown}
 k - a scroll of random uselessness {unknown}
 o - a scroll of fear {unknown}
 p - 2 scrolls of remove curse
 t - a scroll of teleportation {unknown}
 u - a scroll of immolation {unknown}
 v - a scroll of blinking {unknown}
Potions
 e - 2 potions of lignification
 h - a potion of cure mutation {unknown}
 i - 2 potions of curing {unknown}
 l - 3 potions of might
 r - a potion of flight {unknown}
 s - 2 potions of brilliance {unknown}
Books
 b - a book of Conjurations

   Spells                             Type                      Level
   a - Magic Dart                     Conjuration                  1
   b - Searing Ray                    Conjuration                  2
   c - Dazzling Spray                 Conjuration/Hexes            3
   d - Fulminant Prism                Conjuration/Hexes            4
   e - Iskenderun's Mystic Blast      Conjuration                  4
   f - Iskenderun's Battlesphere      Conjuration/Charms           5
Comestibles
 c - 6 bread rations
 f - 4 meat rations
 w - 2 chunks of flesh


   Skills:
 * Level 3.3 Fighting
 + Level 2.6 Dodging
 - Level 2.1 Stealth
 + Level 4.5 Spellcasting
 + Level 7.4 Conjurations


You had 3 spell levels left.
You knew the following spells:

 Your Spells              Type           Power        Failure   Level  Hunger
a - Magic Dart            Conj           ####         1%          1    None
b - Iskenderun's Battles  Conj/Chrm      ###.....     78%         5    ######.
c - Searing Ray           Conj           #####.       1%          2    #......
d - Iskenderun's Mystic   Conj           #####...     6%          4    ####...


Dungeon Overview and Level Annotations

Branches:
Dungeon (5/15)
 Temple: D:4-7

Altars:
Okawaru
Pakellas
Trog
Yredelemnul


Message History

The orb of energy explodes!
The mystic blast hits the centaur skeleton.
The troll barely misses you. The troll closely misses you.
The troll barely misses you.
Casting: Iskenderun's Mystic Blast
Confirm with . or Enter, or press ? or * to list all spells.
You don't have enough magic to cast that spell.
Casting: Iskenderun's Mystic Blast
Confirm with . or Enter, or press ? or * to list all spells.
You don't have enough magic to cast that spell.
The centaur skeleton hits you.
The centaur skeleton closely misses you.
There is a stone staircase leading up here.
The troll bites you! The troll claws you!
* * * LOW HITPOINT WARNING * * *
The troll misses you.
You climb upwards.
There is a stone staircase leading down here.
The troll barely misses you. The troll claws you!
You die...

#.# ######.# ####.####
#####.####...##.########
#.#
#......................#
#.#
#.###.#..#...#...##.##.#
#.# #.#
#.#>.##.#.....#.##.####.#
#.#
#.#..##.##...##.........#
#.#
#[....(.##...#####.######
#># ###..#####...#####.#
#.# #..#####..@......#
#.#####........T########
#........######.######
########## #.......#
#..####.# #..# #.#
#..####.######## ########
#####..##..........#
.......#
#......##.#.######.#


You could see a troll.

Vanquished Creatures
  An ogre (D:5)
  A wyvern skeleton (D:5)
  2 howler monkeys (D:4)
  A hound (D:5)
  A giant frog skeleton (D:5)
  Jessica (D:2)
  2 worker ants (D:4)
  2 orc wizards (D:4)
  2 hound skeletons (D:4)
  7 adders
  2 worms
  4 giant geckos
  5 orcs
  5 bats
  3 giant cockroaches
  11 goblins
  7 hobgoblins
  A quokka (D:3)
  A ball python (D:3)
  A giant gecko skeleton (D:4)
  3 giant newts
  10 kobolds
  A quokka skeleton (D:5)
  6 rats
80 creatures vanquished.

Notes
Turn   | Place    | Note
--------------------------------------------------------------
     0 | D:1      | theElss the High Elf Conjurer began the quest for the Orb.
     0 | D:1      | Reached XP level 1. HP: 11/11 MP: 4/4
   350 | D:1      | Reached XP level 2. HP: 18/18 MP: 2/6
   392 | D:1      | Learned a level 2 spell: Searing Ray
   498 | D:1      | Reached skill level 5 in Conjurations
  1157 | D:2      | Reached XP level 3. HP: 22/22 MP: 2/7
  1219 | D:2      | Noticed Jessica
  1936 | D:2      | Killed Jessica
  1936 | D:2      | Reached skill level 1 in Fighting
  1936 | D:2      | Reached XP level 4. HP: 28/28 MP: 6/9
  2477 | D:3      | Found an oddly glowing altar of Pakellas.
  2680 | D:3      | Found a basalt altar of Yredelemnul.
  2770 | D:4      | Learned a level 4 spell: Iskenderun's Mystic Blast
  2781 | D:4      | Reached skill level 6 in Conjurations
  2834 | D:4      | Found a bloodstained altar of Trog.
  2850 | D:4      | Reached XP level 5. HP: 34/34 MP: 6/10
  3394 | D:4      | Found an iron altar of Okawaru.
  3636 | D:4      | Reached XP level 6. HP: 34/41 MP: 1/12
  4112 | D:4      | Reached skill level 7 in Conjurations
  4339 | D:5      | Entered Level 5 of the Dungeon
  4679 | D:5      | Reached XP level 7. HP: 27/46 MP: 3/14
  4758 | D:5      | Learned a level 5 spell: Iskenderun's Battlesphere
  4894 | D:5      | Noticed a troll
  4928 | D:5      | HP: 2/46 [troll (13)]
  4961 | D:4      | Slain by a troll

Skill      XL: |  1  2  3  4  5  6 |
---------------+-------------------+-----
Conjurations   | 5 6 7 |  7.4
Fighting       | 1 2 3 |  3.3
Spellcasting   | 3 4 |  4.5
Dodging        | |  2.6
Stealth        | |  2.1

Action                   |  1- 3 |  4- 6 |  7- 9 || total
-------------------------+-------+-------+-------++-------
Melee: Unarmed           |       |     1 |       ||     1
 Cast: Magic Dart        |    51 |    49 |     8 ||   108
       Searing Ray       |     6 |    23 |     1 ||    30
       Iskenderun's Myst |       |       |     2 ||     2
  Use: Scroll            |       |     5 |       ||     5
  Eat: Chunk             |     3 |     9 |     1 ||    13
Dodge: Dodged            |     2 |    20 |     8 ||    30
